 Dungeon Crawl Stone Soup version 0.19.0-26-g9e9c210 (webtiles) character file.

123 equalderp2856 the Scratcher (level 4, 0/21 HPs)
             Began as a Felid Fighter on Nov 24, 2016.
             Killed by divine providence
             ... invoked by an orc priest
              (13 damage)
             ... on level 4 of the Dungeon.
             The game lasted 00:06:35 (2656 turns).

equalderp2856 the Scratcher (Felid Fighter)         Turns: 2656, Time: 00:06:36

Health: 0/21       AC:  1    Str: 13    XL:     4   Next: 79%
Magic:  5/5        EV: 20    Int: 10    God:
Gold:   143        SH:  0    Dex: 15    Spells: 0 memorised, 3 levels left
                                        Lives:  0   Deaths: 1

rFire  . . .     SeeInvis +       - Unarmed
rCold  . . .     Gourm    .     (armour unavailable)
rNeg   + . .     Faith    .     (shield unavailable)
rPois  .         Spirit   .     (helmet unavailable)
rElec  .         Reflect  .     (cloak unavailable)
rCorr  .         Harm     .     (gloves unavailable)
MR     .....                    (boots unavailable)
Stlth  +++.......               (no amulet)
                                (no ring)
                                c - ring of positive energy

@: quick
A: no armour, no weapons or thrown items, stealth, claws 1, fangs 3, see
invisible, carnivore 3, speed 1, shaggy fur 1, slow metabolism 1, sharp paws
a: no special abilities


You were on level 4 of the Dungeon.
You were not hungry.

You visited 1 branch of the dungeon, and saw 4 of its levels.

You collected 143 gold pieces.

Inventory:

Missiles
 i - 4 tomahawks of returning
Jewellery
 c - a ring of positive energy (left paw)
 f - an uncursed ring of fire {unknown}
 j - an uncursed ring of protection from fire {unknown}
Scrolls
 d - a scroll of enchant armour {unknown}
 k - a scroll of identify {unknown}
 l - a scroll of amnesia {unknown}
 m - a scroll of remove curse {unknown}
Potions
 a - 2 potions of might
 e - a potion of cure mutation {unknown}
 g - 2 potions of haste {unknown}
 h - a potion of heal wounds
Comestibles
 b - 2 meat rations


   Skills:
 + Level 3.3 Fighting
 + Level 5.2 Dodging
 + Level 2.3 Stealth
 + Level 6.0 Unarmed Combat


You had 3 spell levels left.
You didn't know any spells.

Dungeon Overview and Level Annotations

Branches:
Dungeon (4/15)
 Temple: D:4-7

Altars:
Hepliaklqana
Qazlal

Annotations:
D:2 Natasha


Innate Abilities, Weirdness & Mutations

You cannot wear armour.
You are incapable of wielding weapons or throwing items.
Your paws allow you to move quietly. (Stealth)
You have sharp claws.
You have razor-sharp teeth.
You have supernaturally acute eyesight. (SInv)
You are carnivorous and can eat meat at any time.
You cover ground quickly.
You are covered in fur. (AC +1)
You have a slow metabolism.
Your sharp claws are effective at attacking unaware monsters.


Message History

Eating a chunk of flesh.
You start eating the chunk of flesh.
This raw flesh tastes great.
The orc priest is too close now for your liking.
You scratch the orc priest but do no damage.
The orc priest is severely wounded.
The orc priest hits you with a short sword.
You barely miss the orc priest.
The orc priest is severely wounded.
The orc priest completely misses you.
The orc priest shouts!
You scratch the orc priest.
You kill the orc priest!
Your Unarmed Combat skill increases to level 6!
The orc priest hits you with a club.
You scratch the orc priest.
The orc priest is lightly wounded.
The orc priest invokes the aid of Beogh against you.
Beogh smites you!
Ouch! That really hurt!
You die...

#.............##
#..............##
#......†.[......#
#...............#
#......#######..#
...###..# ###
#.)# ...
#..#######..# ..
#....'_'.)..#
##.###'###@## #.#
#.# #o#
###.###†###.#
.........(..#
....#####.###
..... .....# ...
.......
.....###########
......# #.o..oo.#


You could see an orc priest.

Vanquished Creatures
  A hound (D:3)
  An orc priest (D:4)
  A centaur skeleton (D:4)
  An iguana (D:4)
  An orc wizard (D:4)
  A worm (D:3)
  2 dart slugs (D:1)
  4 leopard geckos
  7 orcs
  8 bats
  A giant cockroach (D:3)
  4 goblins
  4 hobgoblins
  10 jackals (D:1)
  A quokka (D:3)
  2 frilled lizards (D:1)
  6 kobolds (D:1)
  8 rats (D:1)
63 creatures vanquished.

Notes
Turn   | Place    | Note
-------+----------+-------------------------------------------
     0 | D:1      | equalderp2856 the Felid Fighter began the quest for the Orb.
     0 | D:1      | Reached XP level 1. HP: 10/10 MP: 2/2
   110 | D:1      | Reached XP level 2. HP: 12/14 MP: 3/3
   291 | D:1      | Reached skill level 1 in Stealth
   310 | D:1      | Reached XP level 3. HP: 9/17 MP: 4/4
   876 | D:2      | Noticed Natasha
  1600 | D:3      | Found a faded altar of an unknown god.
  1600 | D:3      | Found a faded altar of an unknown god.
  1612 | D:3      | Found a stormy altar of Qazlal.
  1615 | D:3      | Found a faded altar of an unknown god.
  1617 | D:3      | Found a faded altar of an unknown god.
  1806 | D:3      | Reached skill level 5 in Unarmed Combat
  1957 | D:3      | Reached XP level 4. HP: 16/21 MP: 5/5
  2094 | D:4      | Reached skill level 5 in Dodging
  2105 | D:4      | Reached XP level 5. HP: 15/24 MP: 6/6
  2614 | D:4      | Found a hazy altar of Hepliaklqana.
  2634 | D:4      | HP: 1/24 [orc priest/divine providence (12)]
  2635 | D:4      | Killed from afar by an orc priest
  2636 | D:4      | Reached XP level 4. HP: -10/21 MP: 5/5
  2653 | D:4      | Reached skill level 6 in Unarmed Combat
  2656 | D:4      | Killed from afar by an orc priest

Skill      XL: |  1  2  3  4  5 |
---------------+----------------+-----
Stealth        | 1 2 |  2.3
Unarmed Combat | 5 6 |  6.0
Dodging        | 5 |  5.2
Fighting       | |  3.3

Action                   |  1- 3 |  4- 6 || total
-------------------------+-------+-------++-------
Melee: Unarmed           |   115 |    52 ||   167
       Bite              |     4 |     7 ||    11
       Punch             |     3 |     1 ||     4
  Use: Potion            |       |     1 ||     1
 Stab: Sleeping          |     4 |       ||     4
  Eat: Chunk             |     9 |     2 ||    11
Armor: Skin              |     9 |     1 ||    10
Dodge: Dodged            |   106 |    37 ||   143
